 Dungeon Crawl Stone Soup version 0.29-a0-982-gaed3a0c8d8 (webtiles) character file.

Game seed: 12844242929732035285

616 Elvalys the Covert (level 7, 0/32 HPs)
             Began as a Spriggan Venom Mage on Aug 1, 2022.
             Was an Initiate of Sif Muna.
             Killed from afar by Dowan (9 damage)
             ... with a stone arrow
             ... on level 5 of the Dungeon.
             The game lasted 00:41:50 (6127 turns).

Elvalys the Covert (Spriggan Venom Mage)            Turns: 6127, Time: 00:41:51

Health: 0/32       AC:  2    Str:  4    XL:     7   Next: 21%
Magic:  25/26      EV: 17    Int: 19    God:    Sif Muna [......]
Gold:   235        SH:  0    Dex: 15    Spells: 12/18 levels left

rFire   . . .      SeeInvis +   q - +2 dagger (venom)
rCold   . . .      Faith    .   (no shield)
rNeg    . . .      Spirit   .   a - +0 robe
rPois   .          Reflect  .   (helmet restricted)
rElec   .          Harm     .   (no cloak)
rCorr   .          Rampage  .   (gloves unavailable)
Will    +....                   (boots unavailable)
Stlth   ++++......              (no amulet)
HPRegen 0.10/turn               k - ring of magical power
MPRegen 0.20/turn               (no ring)

@: very quick
A: very small, no large weapons, unfitting armour, see invisible, speed 3
a: Renounce Religion


You were on level 5 of the Dungeon.
You worshipped Sif Muna.
Sif Muna was noncommittal.
You visited 2 branches of the dungeon, and saw 6 of its levels.
You also visited: Sewer.

You collected 235 gold pieces.

Inventory:

Hand Weapons
 o - the +9 mace "Kiphinu" {distort, rPois rF+}
   (You found it on level 3 of the Dungeon)

   It warps and distorts space around it, and may blink, banish, or inflict
   extra damage upon those it strikes.
   Unwielding it can cause banishment or high damage.
   rF:        It protects you from fire.
   rPois:     It protects you from poison.
 q - a +2 dagger of venom (weapon)
 F - a +3 vorpal flail
Missiles
 i - 6 poisoned darts
Armour
 a - a +0 robe (worn)
Jewellery
 k - a ring of magical power (left hand)
Wands
 x - a wand of polymorph (10)
 z - a wand of digging (5)
 D - a wand of mindburst (14)
Scrolls
 d - a scroll of poison {unknown}
 f - 2 scrolls of enchant weapon {unknown}
 h - a scroll of vulnerability {unknown}
 j - 6 scrolls of teleportation
 l - 2 scrolls of fear
 p - 3 scrolls of magic mapping {unknown}
 r - a scroll of enchant armour {unknown}
 s - a scroll of amnesia {unknown}
 t - a scroll of blinking {unknown}
 u - a scroll of silence {unknown}
 y - 5 scrolls of identify {unknown}
 B - a scroll of immolation {unknown}
 E - a scroll of butterflies {unknown}
 G - a scroll of summoning {unknown}
Potions
 b - a potion of magic
 c - a potion of invisibility {unknown}
 e - a potion of heal wounds {unknown}
 g - a potion of lignification {unknown}
 m - a potion of degeneration {unknown}
 n - 4 potions of curing {unknown}
 v - 6 potions of flight
 w - 3 potions of mutation {unknown}
 A - a potion of cancellation {unknown}
 C - a potion of ambrosia {unknown}


   Skills:
 - Level 2.7 Dodging
 + Level 8.2 Stealth
 * Level 6.1 Spellcasting
 - Level 2.4 Translocations
 * Level 2.2 Transmutations
 + Level 4.2 Poison Magic


You had 12 spell levels left.
You knew the following spells:

 Your Spells              Type           Power      Damage    Failure   Level
a - Sting                 Tmut/Pois      72%        1d6       3%          1
b - Mephitic Cloud        Conj/Pois/Air  11%        N/A       19%         3
c - Blink                 Tloc           30%        N/A       6%          2

Your spell library contained the following spells:

 Spells                   Type           Power      Damage    Failure   Level
 Poisonous Vapours        Pois/Air       26%        N/A       7%          2
 Lesser Beckoning         Tloc           15%        N/A       12%         3
 Ignite Poison            Fire/Tmut/Pois 14%        N/A       14%         3
 Olgreb's Toxic Radiance  Pois           22%        N/A       19%         4
 Manifold Assault         Tloc           15%        N/A       75%         5
 Freezing Cloud           Conj/Ice/Air   2%         6-21      97%         5
 Malign Gateway           Summ/Tloc      5%         N/A       100%        7
 Summon Horrible Things   Summ           2%         N/A       100%        8


Dungeon Overview and Level Annotations

Branches:
Dungeon (5/15)             Temple (1/1) D:4           Sewer (visited)

Altars:
Ashenzari
Cheibriados
Dithmenos
Elyvilon
Fedhas
Gozag
Hepliaklqana
Kikubaaqudgha
Makhleb
Nemelex Xobeh
Okawaru
Qazlal
Ru
Sif Muna
Trog
Uskayaw
Wu Jian
Yredelemnul
Zin
The Shining One

Shops:
D:4 (   D:5 =

Annotations:
D:4 2 transporters, MirrMurr's ghost, amateur FeSu
D:5 Dowan


Innate Abilities, Weirdness & Mutations

You are very small and have problems with some larger weapons.
You are too small for most types of armour.
You have supernaturally acute eyesight. (SInv)
You cover ground extremely quickly. (Speed+++)


Message History

You kill the hound!
Sif Muna accepts your kill.
You have reached level 7!
l - 2 scrolls of fear (gained 1)
Found a sling.
G - a scroll labelled WIORRO AXADACW Duvessa, Sister of Dowan comes into view.
She is wielding a +0 short sword.
Dowan, Brother of Duvessa comes into view.
He is wielding a +0 dagger.
The helpless Duvessa fails to defend herself.
You impale Duvessa!!
Duvessa is poisoned.
Duvessa is almost dead.
Duvessa closely misses you.
Dowan shouts!
Dowan hits you but does no damage.
You hit Dowan.
Dowan is poisoned.
Dowan is lightly wounded.
You kill Duvessa!
Sif Muna accepts your kill.
Dowan seems overcome with grief.
Dowan seems to find hidden reserves of power!
Dowan gestures wildly while chanting.
Dowan blinks!
Your Spellcasting skill increases to level 6!
Your Transmutations skill increases to level 2!
Dowan mumbles some strange words.
Dowan blinks!
Casting: Sting (safe; 3% risk of failure)
Confirm with . or Enter, or press ? or * to list all spells.
Aiming: Sting (safe; 3% risk of failure)
Press: ? - help, Shift-Dir - straight line, f - Dowan
Aim: Dowan, wielding a +0 dagger and wearing a +0 robe (moderately wounded, fast, very poisoned, 64% to hit)
The sting hits Dowan.
Dowan looks even sicker.
Dowan is heavily wounded.
Dowan casts a spell at you. The shard of ice hits you!!
Ouch! That really hurt!
* * * LOW HITPOINT WARNING * * *
Dowan points at you and mumbles some strange words.
The stone arrow hits you!
You die...

#.#####.......#....######
#.<.......###.#..........
#.#####..####...###......
#.# #.## #.......#.#...
#.# ##.# ####.##.......
#.# #..# #.######... #.#
##.## #.## #...
..###..#### #..#####...
#.##..e..@.# ##....##...
###.#..#####.# #....##...
#.......## ..# #....###..
#........## #.#
#....####. #.....)..ยง#
.. #.........
#..............#
#....#####
#..##......##..# #....#
#.. ##....## ## #....# #.
##..## #....#


You could see Dowan (fast, very poisoned).

Vanquished Creatures
  Edmund (D:5)
  Duvessa (D:5)
  A scorpion (D:4)
  2 hounds
  An iguana (D:4)
  A merfolk avatar (Sewer)
  A merfolk siren (Sewer)
  10 adders
  2 river rats (Sewer)
  A shadow imp (D:4)
  4 dart slugs
  An orc (D:3)
  11 ball pythons
  4 bats (D:1)
  9 endoplasms
  6 giant cockroaches
  10 goblins
  4 hobgoblins
  6 quokkas
  10 frilled lizards
  3 kobolds
  26 rats
115 creatures vanquished.

Notes
Turn   | Place    | Note
-------+----------+-------------------------------------------
     0 | D:1      | Elvalys the Spriggan Venom Mage began the quest for the
                  | Orb.
     0 | D:1      | Reached XP level 1. HP: 9/9 MP: 5/5
   259 | D:1      | Reached XP level 2. HP: 13/13 MP: 5/7
   385 | D:1      | Found a faded altar of an unknown god.
   786 | D:2      | Reached skill level 4 in Stealth
   927 | D:2      | Reached XP level 3. HP: 15/16 MP: 8/8
  1173 | D:2      | Reached skill level 5 in Stealth
  2115 | D:3      | Reached XP level 4. HP: 16/21 MP: 8/10
  2121 | D:3      | Identified the +9 mace "Kiphinu" {distort, rPois rF+}
  2127 | D:3      | Learned a level 3 spell: Mephitic Cloud
  2289 | D:3      | Learned a level 2 spell: Blink
  3047 | D:4      | Reached skill level 6 in Stealth
  3121 | D:4      | Reached XP level 5. HP: 12/24 MP: 12/12
  3175 | D:4      | Found a transporter.
  3187 | D:4      | Noticed MirrMurr's ghost (amateur FeSu)
  3188 | D:4      | Found a glowing drain.
  3198 | Sewer    | Entered a sewer
  3621 | Sewer    | Reached skill level 7 in Stealth
  4237 | D:4      | Reached XP level 6. HP: 27/28 MP: 14/14
  4254 | D:4      | Reached skill level 8 in Stealth
  4254 | D:4      | Reached skill level 5 in Spellcasting
  4376 | D:4      | Found a transporter.
  4390 | D:4      | Found Waolouf's Weapon Shoppe.
  4414 | D:4      | Found a staircase to the Ecumenical Temple.
  4437 | Temple   | Entered the Ecumenical Temple
  4641 | Temple   | Became a worshipper of Sif Muna the Loreminder
  4708 | D:4      | Reached skill level 1 in Translocations
  5237 | D:5      | Entered Level 5 of the Dungeon
  5567 | D:5      | Noticed Edmund
  5577 | D:5      | Killed Edmund
  5595 | D:5      | Found Waustr Wogh's Jewellery Shoppe.
  5987 | D:5      | Reached XP level 7. HP: 32/32 MP: 16/16
  6110 | D:5      | Noticed Duvessa
  6112 | D:5      | Noticed Dowan
  6117 | D:5      | Killed Duvessa
  6127 | D:5      | Killed from afar by Dowan

Illustrated notes

Levels and vault maps discovered:
D:1:      psy_arrival_fountain, layout_loops_ring, basic_ecumenical_altar,
          moated_statue, hangedman_decor_push
D:2:      layout_basic, serial_corexii_hall, corexii_hall_statues_i,
          corexii_hall_statues_x
D:3:      layout_basic, kennysheep_generic_room_8
D:4:      layout_loops_corners, minmay_temple_entry_grid, portal_sewer_entry_a,
          gammafunk_ghost_arena, nicolae_stop_n_shop_1, minmay_cupped
D:5:      black_bear_nest_1, layout_rooms, serial_shops, shop, minivault_19,
          uniq_edmund, uniq_duvessa
Temple:   nicolae_temple_slightly_damp_pantheon

Skill      XL: |  1  2  3  4  5  6  7 |
---------------+----------------------+-----
Spellcasting   | 3 4 5 6 |  6.1
Stealth        | 4 5 6 7 8 |  8.2
Translocations | 2 |  2.4
Poison Magic   | 4 |  4.2
Transmutations | 2 |  2.2
Dodging        | |  2.7

Action                   |  1- 3 |  4- 6 |  7- 9 || total
-------------------------+-------+-------+-------++-------
Melee: Dagger            |    47 |   180 |     2 ||   229
       Punch             |       |     1 |       ||     1
Throw: Dart              |     1 |       |       ||     1
 Cast: Sting             |    18 |    32 |     1 ||    51
       Blink             |       |     4 |       ||     4
       Mephitic Cloud    |       |     1 |       ||     1
  Use: Scroll            |       |     2 |       ||     2
 Stab: Sleeping          |    15 |    18 |     1 ||    34
       Fleeing           |       |     1 |       ||     1
Armor: Robe              |     3 |    22 |     1 ||    26
Dodge: Dodged            |    31 |   183 |     1 ||   215

Table legend: (Time is in decaauts)
 A = Elapsed time spent in this place.
 B = Non-inter-level travel time spent in this place.
 C = Inter-level travel time spent in this place.
 D = Time resting spent in this place.
 E = Time spent auto-exploring this place.
 F = Levels seen in this place.
 G = Mean time per level.
                   A        B        C        D        E       F      G
               +--------+--------+--------+--------+--------+-----+--------+
         Total |   4519 |   4314 |    205 |    960 |   2277 |   7 |  645.6 |
       Dungeon |   3404 |   3199 |    205 |    323 |   2156 |   5 |  680.8 |
        Temple |    142 |    142 |      0 |      0 |    107 |   1 |  142.0 |
         Sewer |    971 |    971 |      0 |    637 |     13 |   1 |  971.0 |
               +--------+--------+--------+--------+--------+-----+--------+

Top non-repeatable levels by time:
     D:4: 994 daAuts
   Sewer: 971 daAuts
     D:2: 762 daAuts
     D:3: 723 daAuts
     D:1: 538 daAuts
     D:5: 385 daAuts
  Temple: 142 daAuts
